 Dungeon Crawl Stone Soup version 0.23.1 (webtiles) character file.

Game seed: 0

259 Monsterracer the Conjurer (level 6, -2/41 HPs)
             Began as a Human Wizard on Mar 15, 2019.
             Slain by a centaur (4 damage)
             ... on level 3 of the Dungeon.
             The game lasted 00:07:14 (3682 turns).

Monsterracer the Conjurer (Human Wizard)            Turns: 3682, Time: 00:07:15

Health: -2/41      AC:  2    Str:  7    XL:     6   Next: 40%
Magic:  0/10       EV: 12    Int: 20    God:
Gold:   163        SH:  0    Dex: 12    Spells: 2/11 levels left

rFire    . . .     SeeInvis +   k - +4 short sword
rCold    . . .     Gourm    .   (no shield)
rNeg     . . .     Faith    .   a - +0 robe
rPois    .         Spirit   .   b - +0 hat
rElec    .         Reflect  .   (no cloak)
rCorr    .         Harm     .   (no gloves)
MR       .....                  (no boots)
Stlth    ++........             (no amulet)
HPRegen  0.13/turn              S - ring of see invisible
MPRegen  0.12/turn              (no ring)

@: very slightly contaminated
A: no striking features
a: no special abilities


You were on level 3 of the Dungeon.
You were hungry.

You visited 1 branch of the dungeon, and saw 3 of its levels.

You collected 163 gold pieces.


   Skills:
 + Level 1.0 Short Blades
 - Level 2.0 Dodging
 - Level 2.0 Stealth
 + Level 3.2 Spellcasting
 * Level 5.5 Conjurations
   Level 1.0 Summonings
 + Level 1.5 Translocations


You had 2 spell levels left.
You knew the following spells:

 Your Spells              Type           Power        Failure   Level  Hunger
a - Magic Dart            Conj           ####         1%          1    None
b - Conjure Flame         Conj/Fire      ##......     14%         3    ###....
c - Mephitic Cloud        Conj/Pois/Air  ##......     21%         3    ###....
e - Blink                 Tloc           N/A          11%         2    ##.....

Your spell library contained the following spells:

 Spells                   Type           Power        Failure   Level  Hunger
 Call Imp                 Summ           #.......     14%         2    ##.....
 Slow                     Hex            #.......     22%         2    ##.....

Inventory:

Hand Weapons
 k - a +4 short sword (weapon)
   (You took it off a kobold on level 2 of the Dungeon)
Armour
 a - a +0 robe (worn)
 b - a +0 hat (worn)
Jewellery
 S - a ring of see invisible (left hand)
   (You found it on level 2 of the Dungeon)
Wands
 o - a wand of polymorph (8)
   (You found it on level 2 of the Dungeon)
Scrolls
 d - a scroll of blinking {unknown}
 h - a scroll of enchant weapon {unknown}
 i - 2 scrolls of teleportation {unknown}
 m - 3 scrolls of magic mapping {unknown}
 n - a scroll of identify {unknown}
 q - a scroll of amnesia {unknown}
 r - a scroll of remove curse
Potions
 e - a potion of mutation {unknown}
 g - a potion of might {unknown}
 j - a potion of lignification {unknown}
 l - a potion of invisibility {unknown}
 p - 2 potions of degeneration {unknown}
Comestibles
 c - 10 rations

Dungeon Overview and Level Annotations

Branches:
Dungeon (3/15)

Altars:
Fedhas
Hepliaklqana
Qazlal
Uskayaw
Zin
The Shining One

.#. ...... .. ... ......
... .. ......# #.. ..
....... #.######.
....... #.##.....
.....☼.#########.######.
....°○c#......##........
§...○☼S@................
....####(.....##........
. #..(...#..÷......
#......#.........
#......#.........
#......#.........
#......#..#######
#......#..#......
#.............###


You could see a centaur (confused) and an adder.


Message History

Aim: a centaur, wielding a +0 shortbow The ball explodes into a vile cloud!
The stinking cloud engulfs the centaur but does no damage.
You hear a shout! x4
The centaur is engulfed in noxious fumes.
The centaur shoots an arrow.
The arrow hits you.
* * * LOW HITPOINT WARNING * * *
You take 3 damage, and have 13/41 hp.
You now have 7/10 mp.
The centaur is engulfed in noxious fumes.
The centaur appears confused.
The centaur is engulfed in noxious fumes.
The centaur appears confused.
You hit the centaur.
The centaur is moderately wounded.
The centaur is engulfed in noxious fumes.
The centaur appears confused.
The centaur gestures wildly.
The centaur is engulfed in noxious fumes.
The centaur appears confused.
Casting: Mephitic Cloud (safe; 21% risk of failure)
Confirm with . or Enter, or press ? or * to list all spells.
Aiming: Magic Dart (safe; 1% risk of failure)
Press: ? - help, Shift-Dir - straight line, f/p - centaur
Aim: a centaur, wielding a +0 shortbow (noxious fumes, moderately wounded, confused)
The magic dart hits the centaur.
The centaur is moderately wounded.
The centaur is engulfed in noxious fumes.
The centaur appears confused.
The centaur unwields a +0 shortbow.
The centaur hits you.
* * * LOW HITPOINT WARNING * * *
You take 4 damage, and have 10/41 hp.
You now have 6/10 mp.
Unknown command.
Casting: Magic Dart (safe; 1% risk of failure)
Confirm with . or Enter, or press ? or * to list all spells.
Aiming: Magic Dart (safe; 1% risk of failure)
Press: ? - help, Shift-Dir - straight line, f/p - centaur
Aim: a centaur (moderately wounded, confused)
The magic dart hits the centaur!
The centaur is severely wounded.
The adder misses you. The centaur hits you.
* * * LOW HITPOINT WARNING * * *
The adder bites you.
* * * LOW HITPOINT WARNING * * *
You take 3 damage, and have 7/41 hp.
You now have 5/10 mp.
Casting: Magic Dart (safe; 1% risk of failure)
Confirm with . or Enter, or press ? or * to list all spells.
Aiming: Magic Dart (safe; 1% risk of failure)
Press: ? - help, Shift-Dir - straight line, f/p - centaur
Aim: a centaur (severely wounded, confused)
The magic dart hits the centaur.
The centaur is almost dead.
The adder closely misses you.
The centaur misses the adder.
You now have 4/10 mp.
Casting: Magic Dart (safe; 1% risk of failure)
Confirm with . or Enter, or press ? or * to list all spells.
Aiming: Magic Dart (safe; 1% risk of failure)
Press: ? - help, Shift-Dir - straight line, f/p - centaur
Aim: a centaur (almost dead, confused)
The magic dart hits the adder.
The adder is moderately wounded.
The centaur hits the adder.
The adder bites you.
* * * LOW HITPOINT WARNING * * *
You take 1 damage, and have 6/41 hp.
You now have 3/10 mp.
Unknown command.
Casting: Magic Dart (safe; 1% risk of failure)
Confirm with . or Enter, or press ? or * to list all spells.
Aiming: Mephitic Cloud (safe; 21% risk of failure)
Press: ? - help, Shift-Dir - straight line, p - centaur The ball explodes into a vile cloud!
The stinking cloud engulfs the centaur but does no damage.
The centaur is almost dead.
The stinking cloud engulfs the adder but does no damage.
The adder is heavily wounded.
You are feeling hungry.
The centaur is engulfed in noxious fumes.
The centaur appears confused.
The adder bites you but does no damage.
The centaur is engulfed in noxious fumes.
The centaur appears confused.
The adder bites you.
* * * LOW HITPOINT WARNING * * *
You take 1 damage, and have 5/41 hp.
You now have 1/10 mp.
Unknown command.
Casting: Mephitic Cloud (safe; 21% risk of failure)
Confirm with . or Enter, or press ? or * to list all spells.
Aiming: Magic Dart (safe; 1% risk of failure)
Press: ? - help, Shift-Dir - straight line, f - adder
Aim: an adder (heavily wounded)
You miscast Magic Dart.
You are very lightly contaminated with residual magic.
Nothing appears to happen.
The centaur is engulfed in noxious fumes.
The centaur appears confused.
The centaur looks very confused.
The adder bites you.
* * * LOW HITPOINT WARNING * * *
You take 4 damage, and have 1/41 hp.
You now have 0/10 mp.
Unknown command.
You hit the adder.
The adder is almost dead.
The centaur hits you.
You die...

Skill      XL: |  1  2  3  4  5  6 |
---------------+-------------------+-----
Conjurations   | 2 3 4 5 |  5.5
Short Blades   | 1 |  1.0
Dodging        | |  2.0
Stealth        | |  2.0
Spellcasting   | |  3.2
Summonings     | |  1.0
Translocations | |  1.5

Action                   |  1- 3 |  4- 6 || total
-------------------------+-------+-------++-------
Melee: Unarmed           |    13 |     3 ||    16
       Dagger            |     4 |    19 ||    23
       Short sword       |       |     8 ||     8
 Cast: Magic Dart        |    68 |   135 ||   203
       Mephitic Cloud    |       |     2 ||     2
  Use: Scroll            |       |     1 ||     1
 Stab: Sleeping          |       |     1 ||     1
  Eat: Chunk             |     1 |     7 ||     8
Armor: Robe              |     1 |     7 ||     8
       Skin              |       |     1 ||     1
Dodge: Dodged            |    15 |    39 ||    54

Levels and vault maps discovered:
D:1:      tarquinn_simple_flora_water_e, layout_basic, minmay_strange_pillars
D:2:      layout_rooms, grunt_temple_overflow_forces_of_nature,
          chequers_temple_overflow_statue_of_worship, first_ration, uniq_natasha
D:3:      layout_basic, grunt_dithmenos_smoke_and_mirrors

Notes
Turn   | Place    | Note
-------+----------+-------------------------------------------
     0 | D:1      | Monsterracer the Human Wizard began the quest for the Orb.
     0 | D:1      | Reached XP level 1. HP: 13/13 MP: 4/4
   180 | D:1      | Reached XP level 2. HP: 19/19 MP: 3/6
   215 | D:1      | Learned a level 2 spell: Blink
   241 | D:1      | Reached skill level 2 in Conjurations
   715 | D:1      | HP: 9/19 [jackal (1)]
   716 | D:1      | Reached XP level 3. HP: 11/24 MP: 0/7
   791 | D:1      | Learned a level 3 spell: Conjure Flame
  1140 | D:1      | Reached skill level 3 in Conjurations
  1368 | D:1      | HP: 11/24 [gnoll (4)]
  1420 | D:1      | Reached XP level 4. HP: 19/30 MP: 2/8
  1564 | D:2      | Noticed Natasha
  1565 | D:2      | HP: 11/30 [gnoll/+0 spear (5)]
  1859 | D:2      | Found a stormy altar of Qazlal.
  1862 | D:2      | Reached skill level 4 in Conjurations
  1874 | D:2      | HP: 15/30 [leopard gecko (3)]
  2098 | D:2      | Killed Natasha
  2098 | D:2      | Reached XP level 5. HP: 35/35 MP: 2/9
  2236 | D:2      | Found a blossoming altar of Fedhas.
  2314 | D:2      | Noticed Natasha
  2319 | D:2      | Killed Natasha
  2445 | D:2      | Found a hazy altar of Hepliaklqana.
  2446 | D:2      | Found a glowing silver altar of Zin.
  2446 | D:2      | Found a glowing golden altar of the Shining One.
  2446 | D:2      | Found a hide-covered altar of Uskayaw.
  2451 | D:2      | Reached skill level 5 in Conjurations
  2772 | D:2      | Noticed Natasha
  2780 | D:2      | Killed Natasha
  2780 | D:2      | Reached XP level 6. HP: 24/41 MP: 5/10
  3065 | D:3      | Learned a level 3 spell: Mephitic Cloud
  3517 | D:3      | Reached skill level 1 in Short Blades
  3672 | D:3      | HP: 16/41 [centaur/arrow (8)]
  3677 | D:3      | HP: 8/41 [centaur (2)]
  3681 | D:3      | HP: 1/41 [adder (4)]
  3682 | D:3      | Slain by a centaur

Vanquished Creatures
  Natasha (thrice) (D:2)
  6 gnolls (D:1 D:2 D:3)
  4 adders (D:2 D:3)
  2 worms (D:2 D:3)
  2 dart slugs (D:1)
  2 leopard geckos (D:1 D:2)
  6 orcs (D:2 D:3)
  A giant cockroach (D:1)
  5 goblins (D:1 D:2 D:3)
  8 hobgoblins (D:1 D:2 D:3)
  10 jackals (D:1 D:2 D:3)
  8 kobolds (D:2)
  2 quokkas (D:1 D:3)
  8 bats (D:1 D:2 D:3)
  4 frilled lizards (D:1 D:2 D:3)
  6 rats (D:1 D:2 D:3)
77 creatures vanquished.

Table legend:
 A = Turns spent in this place as a percentage of turns spent in the entire game.
 B = Non-inter-level travel turns spent in this place as a percentage of non-inter-level travel turns spent in the entire game.
 C = Inter-level travel turns spent in this place as a percentage of turns spent in this place.
 D = Turns resting spent in this place as a percentage of non-inter-level travel turns spent in this place.
 E = Turns spent auto-exploring this place as a percentage of non-inter-level travel turns spent in this place.
 F = Non-inter-level travel turns spent in this place divided by the number of levels of this place that you've seen.
                   A       B       C       D       E      F
               +-------+-------+-------+-------+-------+----------------------
         Total | 100.0 | 100.0 |   3.2 |  17.6 |  67.0 | 1188.7
       Dungeon | 100.0 | 100.0 |   3.2 |  17.6 |  67.0 | 1188.7
               +-------+-------+-------+-------+-------+----------------------

Table legend:
 A = Non-vault XP
 B = Vault XP
 C = Vault XP percentage of total XP
 D = Non-vault monster count
 E = Vault monster count
 F = Vault count percentage of total count
                 A         B        C        D         E       F
            +---------+---------+-------+---------+---------+-------
      Total |     335 |      35 |   9.5 |      76 |       1 |   1.3
            +---------+---------+-------+---------+---------+-------
        D:1 |      72 |       0 |   0.0 |      25 |       0 |   0.0
        D:2 |     165 |      35 |  17.5 |      28 |       1 |   3.4
        D:3 |      98 |       0 |   0.0 |      23 |       0 |   0.0
            +---------+---------+-------+---------+---------+-------
